[Event "Titled Tuesday Blitz August 15 Late 2023"]
[White "Grischuk, Alexander"]
[Black "Ibarra Jerez, Jose Carlos"]
[WhiteFideId "4126025"]
[BlackFideId "2226332"]
[WhiteElo "3039"]
[BlackElo "2886"]
[Result "0-1"]
[Round "6"]
[TimeControl "180+1"]
[Date "2023.08.15"]
[WhiteClock "0:00:02"]
[BlackClock "0:00:06"]
[Board "9"]

1. d4 Nf6 2. Nf3 g6 3. e3 Bg7 4. Be2 O-O 5. O-O b6 6. c4 Bb7 7. Qc2 Ne4 8. b3 f5 9. Bb2 e6 10. Nfd2 Qg5 11. Bf3 Nd6 12. Nc3 Nc6 13. a3 Qf6 14. b4 Nf7 15. Rad1 Ng5 16. Be2 Nh3+ 17. Kh1 Ng5 18. d5 Nd8 19. f4 Ngf7 20. Bf3 exd5 21. cxd5 Rc8 22. Ba1 Qe7 23. e4 fxe4 24. Ndxe4 Nd6 25. Nxd6 cxd6 26. Qd3 Rxf4 27. Rfe1 Qf8 28. Ne2 Rf7 29. Ng3 Bxa1 30. Rxa1 Re7 31. Ne4 Nf7 32. Nf6+ Kg7 33. Ng4 Ne5 34. Nxe5 Rxe5 35. Rf1 Qe7 36. h3 Rf8 37. Qd4 h5 38. a4 Qf6 39. b5 Rf5 40. Rfd1 Qxd4 41. Rxd4 Rc8 42. a5 Rc5 43. axb6 axb6 44. Ra7 Bxd5 45. Rxd7+ Kh6 46. Bxd5 Rfxd5 47. Rxd6 Rxd4 48. Rxd4 Rxb5 49. h4 Rc5 50. Rd6 b5 51. Rb6 Kg7 52. Kh2 g5 53. hxg5 Rxg5 54. g3 Kf7 55. Kh3 Ke7 56. Kh4 Rc5 57. g4 hxg4 58. Kxg4 Kd7 59. Kf4 Kc7 60. Rh6 Rc6 61. Rh1 Kb6 62. Rb1 Re6 63. Kf5 Re8 64. Kf4 Kc5 65. Rc1+ Kb4 66. Rb1+ Kc4 67. Rc1+ Kd3 68. Rb1 Rb8 69. Kf3 Kc2 70. Rb4 Kc3 71. Rb1 b4 72. Ke2 Kc2 0-1


[Site "https://www.chess.com"]

[Event "Titled Tuesday Blitz August 15 Late 2023"]
[White "Cordova, Emilio"]
[Black "Dubov, Daniil"]
[WhiteFideId "3801497"]
[BlackFideId "24126055"]
[WhiteElo "2876"]
[BlackElo "3038"]
[Result "0-1"]
[Round "6"]
[TimeControl "180+1"]
[Date "2023.08.15"]
[WhiteClock "0:00:00"]
[BlackClock "0:00:04"]
[Board "10"]

1. d4 Nf6 2. Nf3 d5 3. e3 g6 4. c4 Bg7 5. Nc3 O-O 6. Qb3 c6 7. Bd2 dxc4 8. Bxc4 b5 9. Be2 a5 10. a3 Bf5 11. Rc1 Nbd7 12. O-O Ne4 13. Nxe4 Bxe4 14. Rfd1 Nb6 15. Be1 a4 16. Qb4 Rc8 17. Nd2 Bd5 18. e4 Be6 19. e5 Nd5 20. Qc5 Nf4 21. Bf1 Bd5 22. Nf3 Qd7 23. Qc3 Qg4 24. Kh1 f6 25. h3 Nxh3 26. Nh2 Qh5 27. f3 fxe5 28. gxh3 Rxf3 29. Nxf3 Bxf3+ 30. Kg1 exd4 31. Qd2 Bh6 32. Qxd4 Qg5+ 33. Kh2 Bg7 34. Qg1 Be5+ 35. Bg3 Bxd1 36. Rxd1 Rf8 37. Bxe5 Qxe5+ 38. Kh1 Qxb2 39. Bg2 Rf6 40. Qe1 Qxa3 41. Qe5 Qb4 42. Bxc6 Kg7 43. Bd5 a3 44. Re1 Kh6 45. Qe3+ g5 46. Qxe7 Qxe7 47. Rxe7 Rd6 48. Bb3 Rd3 49. Bg8 a2 50. Rxh7+ Kg6 51. Ra7 Rd1+ 52. Kg2 a1=Q 0-1


[Site "https://www.chess.com"]

[Event "Titled Tuesday Blitz August 15 Late 2023"]
[White "Shimanov, Aleksandr"]
[Black "Lysyj, Igor"]
[WhiteFideId "4198603"]
[BlackFideId "4150120"]
[WhiteElo "3035"]
[BlackElo "2871"]
[Result "0-1"]
[Round "6"]
[TimeControl "180+1"]
[Date "2023.08.15"]
[WhiteClock "0:00:01"]
[BlackClock "0:00:14"]
[Board "11"]

1. d4 d5 2. Nf3 Nf6 3. Bg5 Ne4 4. Bf4 Bf5 5. e3 e6 6. Bd3 Bd6 7. c3 Nd7 8. O-O O-O 9. Qe2 Bxf4 10. exf4 c5 11. dxc5 Ndxc5 12. Bxe4 Bxe4 13. Rd1 Qb6 14. Nd4 h6 15. b3 Rac8 16. Nd2 Bh7 17. Qe3 Nd3 18. c4 Rfd8 19. f5 dxc4 20. N2f3 Bxf5 21. bxc4 Nb2 22. Re1 Nxc4 23. Qf4 Bg6 24. Nb3 a5 25. Rac1 Qa6 26. h4 b5 27. g4 a4 28. Nbd4 Qb6 29. h5 Bh7 30. Rcd1 Nb2 31. Ne5 f6 32. Ng6 Bxg6 33. hxg6 e5 34. Rxe5 fxe5 35. Qf7+ Kh8 36. Ne6 Rxd1+ 37. Kh2 Rg8 38. Nxg7 Nd3 39. Kg3 Qxf2+ 40. Qxf2 Nxf2 0-1


[Site "https://www.chess.com"]

[Event "Titled Tuesday Blitz August 15 Late 2023"]
[White "Sadhwani, Raunak"]
[Black "Galchenko, Matvey"]
[WhiteFideId "35093487"]
[BlackFideId "24175480"]
[WhiteElo "3015"]
[BlackElo "2868"]
[Result "1-0"]
[Round "6"]
[TimeControl "180+1"]
[Date "2023.08.15"]
[WhiteClock "0:00:18"]
[BlackClock "0:00:00"]
[Board "12"]

1. Nf3 c5 2. b3 d5 3. e3 Nf6 4. Bb2 a6 5. c4 dxc4 6. bxc4 e6 7. Be2 Nc6 8. O-O Be7 9. Nc3 O-O 10. Qb1 Qc7 11. Ne4 e5 12. Nxf6+ Bxf6 13. Bd3 h6 14. Bh7+ Kh8 15. Be4 Rb8 16. a4 Na5 17. Qc2 Be6 18. d3 b5 19. axb5 axb5 20. Bc3 Nb7 21. Ra7 Qb6 22. Rxb7 Rxb7 23. Bxb7 Qxb7 24. cxb5 Qxb5 25. Bxe5 Bxe5 26. Nxe5 Rb8 27. h3 Kg8 28. Rc1 Rc8 29. Qc3 Qb8 30. Nf3 Rd8 31. Qxc5 Rxd3 32. Nd4 Qe8 33. Qd6 Rd2 34. Rc7 Qa8 35. Qf4 Qd5 36. Kh2 Ra2 37. Re7 Bd7 38. Re5 Qb7 39. Rc5 Be8 40. Rc7 Qd5 41. Rc8 Qd7 42. Qb8 Rxf2 43. Rxe8+ Kh7 44. Rh8+ Kg6 45. Qg3+ 1-0


[Site "https://www.chess.com"]

[Event "Titled Tuesday Blitz August 15 Late 2023"]
[White "Andreikin, Dmitry"]
[Black "Kovalev, Vladislav"]
[WhiteFideId "4158814"]
[BlackFideId "13504398"]
[WhiteElo "3014"]
[BlackElo "2867"]
[Result "1/2-1/2"]
[Round "6"]
[TimeControl "180+1"]
[Date "2023.08.15"]
[WhiteClock "0:00:02"]
[BlackClock "0:00:02"]
[Board "13"]

1. d4 Nf6 2. c4 e6 3. Nf3 d5 4. Bg5 Be7 5. e3 O-O 6. Qc2 b6 7. Nc3 Bb7 8. Rd1 Nbd7 9. Bd3 Rc8 10. cxd5 exd5 11. Bf5 g6 12. Bh3 Ne4 13. Bh6 Re8 14. O-O Ra8 15. Nxe4 dxe4 16. Ne5 Nf6 17. Nc6 Qd5 18. Rc1 Bd6 19. Ne5 Bc8 20. Bxc8 Raxc8 21. Qa4 a5 22. Bg5 Nh5 23. Bh4 Bxe5 24. dxe5 Qxe5 25. Rfd1 Re6 26. Qd7 Ree8 27. Rc6 Qf5 28. g4 Qxd7 29. Rxd7 Ng7 30. Rcxc7 Rxc7 31. Rxc7 Ne6 32. Rb7 g5 33. Bg3 Rc8 34. Rxb6 h5 35. gxh5 Rc5 36. h6 Kh7 37. Rb7 Kxh6 38. Rxf7 Kg6 39. Ra7 g4 40. Kg2 Ng5 41. Re7 Rc1 42. Bb8 Nf3 43. Kg3 Kf5 44. Rf7+ Kg5 45. Rg7+ Kf5 46. Rf7+ Kg5 47. h4+ gxh3 48. Kxh3 Rh1+ 49. Kg2 Rg1+ 50. Kh3 Rh1+ 51. Kg3 Rg1+ 52. Kh3 Kg6 53. Rf8 Ng5+ 54. Kh2 Rb1 55. b3 Nf3+ 56. Kg3 Kg5 57. Rg8+ Kf5 58. Rf8+ Kg5 59. Bf4+ Kg6 60. Kg4 Rb2 61. Bg3 Rxa2 62. Kf4 Nd2 63. Rd8 Nxb3 64. Kxe4 a4 65. Kd3 a3 66. Kc3 Nc5 67. Ra8 Ne4+ 68. Kb3 Re2 69. Bh4 Nxf2 70. Rxa3 Rxe3+ 71. Ka2 Rxa3+ 72. Kxa3 1/2-1/2


[Site "https://www.chess.com"]

[Event "Titled Tuesday Blitz August 15 Late 2023"]
[White "Lagarde, Maxime"]
[Black "Indjic, Aleksandar"]
[WhiteFideId "662399"]
[BlackFideId "911925"]
[WhiteElo "2861"]
[BlackElo "2994"]
[Result "1-0"]
[Round "6"]
[TimeControl "180+1"]
[Date "2023.08.15"]
[WhiteClock "0:01:21"]
[BlackClock "0:00:00"]
[Board "14"]

1. Nc3 d5 2. e4 dxe4 3. Nxe4 Nf6 4. Nxf6+ exf6 5. Nf3 Bd6 6. Be2 O-O 7. O-O c6 8. d3 Re8 9. h3 Na6 10. Re1 Nc7 11. Bf1 Be6 12. Bd2 h6 13. c4 Qd7 14. Bc3 Bf5 15. Qd2 Ne6 16. Re2 Bf4 17. Qe1 Bxd3 18. Rd1 Nc5 19. b4 Ne6 20. Re4 Ng5 21. Nxg5 hxg5 22. Rxd3 Rxe4 23. Rxd7 Rxe1 24. Bxe1 Re8 25. Bc3 1-0


[Site "https://www.chess.com"]

[Event "Titled Tuesday Blitz August 15 Late 2023"]
[White "Remizov, Yaroslav"]
[Black "Hakobyan, Aram"]
[WhiteFideId "34134015"]
[BlackFideId "13306677"]
[WhiteElo "2847"]
[BlackElo "2968"]
[Result "0-1"]
[Round "6"]
[TimeControl "180+1"]
[Date "2023.08.15"]
[WhiteClock "0:00:03"]
[BlackClock "0:00:51"]
[Board "15"]

1. e4 c5 2. Nf3 Nc6 3. Bb5 e6 4. Bxc6 bxc6 5. b3 d6 6. e5 d5 7. O-O Ne7 8. d3 Ng6 9. c4 f6 10. Re1 Be7 11. Bb2 O-O 12. Nbd2 Rb8 13. g3 Rb7 14. Qe2 Qe8 15. h4 Nh8 16. exf6 gxf6 17. Rac1 d4 18. Nh2 e5 19. f4 Nf7 20. Ng4 Qd7 21. Nf2 Kh8 22. Kh2 Rg8 23. fxe5 Nxe5 24. Nde4 Qf5 25. Kg2 Qg6 26. Nh1 Bg4 27. Qf2 Nxd3 28. Qf1 Nxb2 29. Rc2 Bf5 30. Qf3 Bg4 31. Qf1 Nd1 32. Rf2 Nxf2 33. Qxf2 Rd7 34. Qf4 Qf5 35. Qd2 Bf3+ 36. Kh2 Bxe4 37. Nf2 Bd6 38. Nxe4 Be5 39. Qd3 Rdg7 40. Rf1 Qg4 41. Rf3 Qxh4+ 42. Kg2 Bxg3 43. Nxg3 Rxg3+ 44. Rxg3 Rxg3+ 45. Qxg3 Qxg3+ 46. Kxg3 h5 47. Kf4 h4 48. b4 h3 49. Kg3 d3 50. b5 cxb5 51. cxb5 d2 52. b6 axb6 0-1


[Site "https://www.chess.com"]

[Event "Titled Tuesday Blitz August 15 Late 2023"]
[White "Grigoriants, Sergey"]
[Black "Klukin, Kirill"]
[WhiteFideId "4130804"]
[BlackFideId "24199273"]
[WhiteElo "2963"]
[BlackElo "2827"]
[Result "1-0"]
[Round "6"]
[TimeControl "180+1"]
[Date "2023.08.15"]
[WhiteClock "0:00:29"]
[BlackClock "0:00:01"]
[Board "16"]

1. d4 f5 2. Bg5 Nf6 3. Bxf6 exf6 4. e3 c6 5. c4 d6 6. Nc3 g6 7. h4 h5 8. Bd3 Be6 9. Nge2 Bh6 10. d5 Bf7 11. Nd4 O-O 12. Qf3 Nd7 13. Qg3 Kh8 14. Ne6 Bxe6 15. Qxg6 Bg8 16. Qxh6+ Bh7 17. Bxf5 Rf7 18. Qxh5 Rg7 19. Bxh7 Rxh7 20. Qf5 Qe7 21. O-O-O Ne5 22. Rd4 c5 23. Rf4 Rf8 24. Rd1 a6 25. g4 b5 26. g5 bxc4 27. gxf6 Qb7 28. Qe6 Rb8 29. Na4 Nd3+ 30. Rxd3 cxd3 31. f7 Rf8 32. Qf6+ Rg7 33. Qh6+ 1-0


[Site "https://www.chess.com"]

[Event "Titled Tuesday Blitz August 15 Late 2023"]
[White "Drygalov, Sergey"]
[Black "Yanchenko, Roman"]
[WhiteFideId "24171743"]
[BlackFideId "4137329"]
[WhiteElo "2962"]
[BlackElo "2786"]
[Result "1-0"]
[Round "6"]
[TimeControl "180+1"]
[Date "2023.08.15"]
[WhiteClock "0:00:06"]
[BlackClock "0:00:00"]
[Board "17"]

1. d4 d5 2. c4 c6 3. Nc3 Nf6 4. Nf3 a6 5. c5 Bf5 6. Bf4 Nbd7 7. e3 e6 8. h3 Be7 9. Be2 O-O 10. O-O Ne4 11. Bh2 Re8 12. Qb3 Qc8 13. Nxe4 Bxe4 14. Nd2 Bg6 15. Qc3 Bd8 16. b4 Bc7 17. f4 f6 18. Bg4 Qd8 19. a4 e5 20. dxe5 fxe5 21. Bxd7 Qxd7 22. fxe5 Qe7 23. Nf3 Be4 24. Nd4 Bxe5 25. Bxe5 Qxe5 26. Rf4 Rf8 27. Raf1 Rxf4 28. Rxf4 Bg6 29. Ne2 Qe7 30. Nd4 Re8 31. Rf3 Qg5 32. Qe1 Qe5 33. Qg3 Qxg3 34. Rxg3 Be4 35. Rg4 a5 36. b5 cxb5 37. axb5 a4 38. Rf4 a3 39. Rf1 a2 40. Ra1 Bb1 41. Kf2 Rc8 42. Nb3 Kf7 43. Ke2 Ke6 44. Kd2 Rf8 45. Kc3 Rf2 46. Nd2 Rxg2 47. Nxb1 axb1=Q 48. Rxb1 Kd7 49. Rd1 Ke6 50. Ra1 Re2 51. Ra7 Rxe3+ 52. Kb4 Re4+ 53. Ka5 Rc4 54. Kb6 d4 55. Rxb7 d3 56. Ra7 d2 57. Ra1 Rc1 58. Ra6 d1=Q 59. Kb7+ Kd5 60. c6 Kc5 61. b6 Qd5 62. Ra5+ Kb4 63. Rxd5 1-0


[Site "https://www.chess.com"]

[Event "Titled Tuesday Blitz August 15 Late 2023"]
[White "Kramnik, Vladimir"]
[Black "Bazeev, German"]
[WhiteFideId "4101588"]
[BlackFideId "24119350"]
[WhiteElo "2949"]
[BlackElo "2779"]
[Result "1-0"]
[Round "6"]
[TimeControl "180+1"]
[Date "2023.08.15"]
[WhiteClock "0:01:23"]
[BlackClock "0:00:10"]
[Board "18"]

1. c4 e5 2. d3 Nf6 3. Nf3 Nc6 4. a3 g6 5. b4 d6 6. Bb2 Bg7 7. g3 O-O 8. Nbd2 a5 9. b5 Ne7 10. Bg2 Rb8 11. O-O b6 12. e4 Nd7 13. Qc2 Nc5 14. d4 exd4 15. Bxd4 f6 16. Rad1 Be6 17. Rfe1 Qe8 18. Bb2 Kh8 19. Nd4 Bg8 20. f4 Rd8 21. N2f3 Qd7 22. e5 fxe5 23. fxe5 d5 24. e6 Qd6 25. cxd5 Nxd5 26. e7 Nxe7 27. Nc6 Nd3 28. Bxg7+ Kxg7 29. Rxe7+ 1-0


[Site "https://www.chess.com"]

[Event "Titled Tuesday Blitz August 15 Late 2023"]
[White "Stearman, Josiah"]
[Black "Keymer, Vincent"]
[WhiteFideId "2062496"]
[BlackFideId "12940690"]
[WhiteElo "2773"]
[BlackElo "2941"]
[Result "0-1"]
[Round "6"]
[TimeControl "180+1"]
[Date "2023.08.15"]
[WhiteClock "0:00:25"]
[BlackClock "0:01:09"]
[Board "19"]

1. e4 c6 2. d4 d5 3. e5 Bf5 4. h4 h6 5. h5 e6 6. g4 Be4 7. f3 Bh7 8. c4 Ne7 9. Nc3 Nd7 10. c5 b6 11. cxb6 axb6 12. f4 c5 13. Nf3 Nc6 14. Bb5 Nxd4 15. Nxd4 cxd4 16. Qxd4 Bc5 17. Qd1 O-O 18. Qe2 d4 19. Ne4 Bb4+ 20. Bd2 Bxe4 21. Qxe4 Bxd2+ 22. Kxd2 Nc5 23. Qg2 f6 24. Bc4 fxe5 25. f5 Ra4 26. b3 Rxc4 27. bxc4 Qg5+ 28. Kc2 e4 29. Raf1 exf5 30. Qd2 d3+ 31. Kc1 e3 0-1


[Site "https://www.chess.com"]

[Event "Titled Tuesday Blitz August 15 Late 2023"]
[White "Boruchovsky, Avital"]
[Black "Elsa167"]
[WhiteFideId "2800055"]
[WhiteElo "2743"]
[BlackElo "2939"]
[Result "0-1"]
[Round "6"]
[TimeControl "180+1"]
[Date "2023.08.15"]
[WhiteClock "0:00:03"]
[BlackClock "0:00:03"]
[Board "20"]

1. c4 e6 2. Nc3 d5 3. d4 Nf6 4. cxd5 exd5 5. Bg5 Be7 6. e3 O-O 7. Qc2 Re8 8. Bd3 h6 9. Bh4 c5 10. Nf3 Nc6 11. O-O Nb4 12. Qd1 Nxd3 13. Qxd3 c4 14. Qc2 Be6 15. Ne5 Qc8 16. f4 Bf5 17. Qa4 Ne4 18. Nxe4 Bxe4 19. Bxe7 Rxe7 20. Qb4 Qc7 21. f5 a5 22. Qe1 f6 23. Ng6 Ree8 24. Nf4 b5 25. Ne6 Qd6 26. Qh4 b4 27. Rf4 Rac8 28. Rg4 Rxe6 29. fxe6 Qxe6 30. Rg3 Kh7 31. Qf4 c3 32. bxc3 Rxc3 33. Qb8 Qd7 34. Rf1 Rc8 35. Qb6 Qc7 36. Qe6 Rf8 37. Qa6 Kh8 38. Rg4 Qc8 39. Qe2 Bd3 40. Qxd3 Qxg4 41. Rc1 Rc8 42. Rxc8+ Qxc8 43. h3 Qc4 44. Qf5 a4 45. Qe6 b3 46. axb3 axb3 47. Qb6 Qc2 48. e4 dxe4 49. d5 b2 50. Kh2 b1=Q 51. Qe6 Qc7+ 52. d6 Qd8 53. Qxe4 Qxe4 0-1


[Site "https://www.chess.com"]

[Event "Titled Tuesday Blitz August 15 Late 2023"]
[White "Mikhailov, Viacheslav"]
[Black "Zhigalko, Sergei"]
[WhiteFideId "4187369"]
[BlackFideId "13502956"]
[WhiteElo "2716"]
[BlackElo "2936"]
[Result "1-0"]
[Round "6"]
[TimeControl "180+1"]
[Date "2023.08.15"]
[WhiteClock "0:00:07"]
[BlackClock "0:00:03"]
[Board "21"]

1. c4 e5 2. g3 Nf6 3. Bg2 c6 4. d3 d5 5. cxd5 cxd5 6. Nf3 Nc6 7. O-O h6 8. Nc3 d4 9. Ne4 Nxe4 10. dxe4 Be7 11. Ne1 O-O 12. Nd3 Be6 13. f4 exf4 14. gxf4 f5 15. e5 Bd5 16. Bd2 Bxg2 17. Kxg2 Qd5+ 18. Rf3 Rac8 19. Qb3 Qxb3 20. axb3 a6 21. b4 Nd8 22. Nc5 b6 23. Nd7 Re8 24. Nxb6 Rc2 25. Rd3 Ne6 26. Nd5 Rxb2 27. Rxa6 Bf8 28. Kf3 Kf7 29. Ra7+ Kg8 30. Ra6 Kf7 31. h4 Rd8 32. Ra7+ Ke8 33. e4 dxe3 34. Bxe3 Bxb4 35. Rb7 Bc3 36. Re7+ Kf8 37. Rxe6 Be1 38. Rd6 Re8 39. Nc7 Ra8 40. Nxa8 Bxh4 41. Nc7 g5 42. Ne6+ Kf7 43. fxg5 hxg5 44. Nxg5+ Ke7 45. Rd7+ Ke8 46. Rd8+ Ke7 47. R3d7# 1-0


[Site "https://www.chess.com"]

[Event "Titled Tuesday Blitz August 15 Late 2023"]
[White "Dardha, Daniel"]
[Black "Ribeiro, Matheus Mendes Domingues"]
[WhiteFideId "240990"]
[BlackFideId "324226923"]
[WhiteElo "2919"]
[BlackElo "2468"]
[Result "1-0"]
[Round "6"]
[TimeControl "180+1"]
[Date "2023.08.15"]
[WhiteClock "0:01:09"]
[BlackClock "0:00:01"]
[Board "23"]

1. e4 c5 2. Nf3 e6 3. d4 cxd4 4. Nxd4 Nf6 5. Nc3 Nc6 6. Nxc6 bxc6 7. e5 Nd5 8. Ne4 Qc7 9. f4 Qb6 10. c4 Bb4+ 11. Ke2 f5 12. Nf2 Ne7 13. Be3 Bc5 14. Bxc5 Qxc5 15. Kf3 g5 16. g3 gxf4 17. gxf4 Ng6 18. h4 Nxf4 19. Qd6 Qxd6 20. exd6 e5 21. Re1 c5 22. Rxe5+ Ne6 23. Ke3 Bb7 24. Rg1 O-O-O 25. Nd3 Rde8 26. Kf2 Bc6 27. Nxc5 Nf4 28. Rxf5 Rhf8 29. Rxf8 Rxf8 30. Ke3 Ng6 31. h5 Ne5 32. Be2 a5 33. Rg5 Nf7 34. Rg7 Nxd6 35. Rxh7 Re8+ 36. Kd2 Re5 37. Nd3 Ne4+ 38. Ke3 Re8 39. Kf4 Rf8+ 40. Ke5 Ng5 41. Re7 Kd8 42. Rg7 Re8+ 43. Kf5 Ne6 44. Rg4 Rf8+ 45. Ke5 Ke7 46. c5 Bb5 47. h6 Bc6 48. b4 axb4 49. Nxb4 Ra8 50. Nxc6+ dxc6 51. Bc4 Ra4 52. Bxe6 Re4+ 53. Rxe4 Kf8 1-0


[Site "https://www.chess.com"]

[Event "Titled Tuesday Blitz August 15 Late 2023"]
[White "Eljanov, Pavel"]
[Black "Delorme, Laurie"]
[WhiteFideId "14102951"]
[BlackFideId "630829"]
[WhiteElo "2918"]
[BlackElo "2331"]
[Result "1-0"]
[Round "6"]
[TimeControl "180+1"]
[Date "2023.08.15"]
[WhiteClock "0:00:12"]
[BlackClock "0:00:01"]
[Board "24"]

1. e4 c5 2. Nf3 Nc6 3. Bb5 e6 4. Bxc6 bxc6 5. d3 Ne7 6. Nbd2 d6 7. e5 Nf5 8. exd6 Bxd6 9. Nc4 Bc7 10. O-O O-O 11. b3 f6 12. Ba3 e5 13. Bxc5 Re8 14. b4 Be6 15. Re1 Bd5 16. Ne3 Nxe3 17. Rxe3 a5 18. a3 axb4 19. axb4 Kh8 20. Nd2 f5 21. Rxa8 Qxa8 22. Re1 Qb8 23. Qh5 g6 24. Qh4 Bd8 25. Qg3 Bf6 26. Nc4 Bxc4 27. dxc4 Qd8 28. Qd3 e4 29. Qxd8 Rxd8 30. Rb1 Kg7 31. b5 cxb5 32. cxb5 Rc8 33. Bd6 Rxc2 34. b6 Bd4 35. b7 Bxf2+ 36. Kh1 Ba7 37. Bf4 h6 38. h4 Kf6 39. b8=Q Bxb8 40. Rxb8 Rc6 41. Bxh6 Ke5 42. Rb3 Rc5 43. g3 Rd5 44. Bf4+ Ke6 45. Rb6+ Kf7 46. Kg2 Rd3 47. Kf2 Rf3+ 48. Ke2 Ra3 49. Be5 Ra2+ 50. Ke3 Ra3+ 51. Kf4 Rf3+ 52. Kg5 e3 53. Rb1 e2 54. Re1 Re3 55. Bf4 Re4 56. g4 Ke6 57. gxf5+ gxf5 58. h5 Kd5 59. h6 Kd4 60. h7 Re8 61. Rxe2 Rh8 62. Be5+ Kd3 63. Bxh8 Kxe2 64. Be5 f4 65. Bxf4 Kd3 66. h8=Q Ke2 67. Qd4 1-0


[Site "https://www.chess.com"]

[Event "Titled Tuesday Blitz August 15 Late 2023"]
[White "Martinez Alcantara, Jose Eduardo"]
[Black "Nefedov, Sergey"]
[WhiteFideId "3805662"]
[BlackFideId "24113417"]
[WhiteElo "3004"]
[BlackElo "2631"]
[Result "1-0"]
[Round "6"]
[TimeControl "180+1"]
[Date "2023.08.15"]
[WhiteClock "0:02:08"]
[BlackClock "0:01:01"]
[Board "25"]

1. e4 d5 2. exd5 Qxd5 3. Nf3 Nf6 4. Be2 e5 5. O-O e4 6. Nc3 Qa5 7. Nd4 Qe5 8. Ndb5 c6 9. d4 Qe7 10. Na3 Be6 11. Bg5 Bd5 12. Nc4 Nbd7 13. Ne3 Qe6 14. Ncxd5 cxd5 15. c4 Bd6 16. Qb3 O-O 17. cxd5 Qe8 18. Bb5 a6 19. Bxd7 Qxd7 20. Bxf6 gxf6 21. f3 f5 22. fxe4 fxe4 23. Nf5 Rae8 24. Qh3 Kh8 25. Qh6 1-0


[Site "https://www.chess.com"]

[Event "Titled Tuesday Blitz August 15 Late 2023"]
[White "Ibadov, Dashgyn"]
[Black "Paravyan, David"]
[WhiteFideId "24107514"]
[BlackFideId "4194985"]
[WhiteElo "2605"]
[BlackElo "2957"]
[Result "0-1"]
[Round "6"]
[TimeControl "180+1"]
[Date "2023.08.15"]
[WhiteClock "0:00:02"]
[BlackClock "0:01:41"]
[Board "26"]

1. e4 e5 2. Nf3 Nf6 3. Nc3 Nc6 4. Bb5 Nd4 5. Nxe5 Qe7 6. f4 Nxb5 7. Nxb5 d6 8. Nf3 Qxe4+ 9. Kf2 Ng4+ 10. Kg3 Qg6 11. Nh4 Qh5 12. Nxc7+ Kd8 13. Nxa8 g5 14. fxg5 d5 15. d4 Bd6+ 16. Bf4 Bxf4+ 17. Kxf4 Qxh4 18. g3 Qh5 19. Qf3 f6 20. Qxd5+ Bd7 21. h4 Rf8 22. Qd6 fxg5+ 23. Ke4 Nf2+ 24. Ke3 Qf3+ 25. Kd2 Ne4+ 26. Kc1 Qxh1# 0-1


[Site "https://www.chess.com"]

[Event "Titled Tuesday Blitz August 15 Late 2023"]
[White "Rasulov, Vugar"]
[Black "Chor, Kevin"]
[WhiteFideId "13402390"]
[BlackFideId "2090740"]
[WhiteElo "2884"]
[BlackElo "2580"]
[Result "1-0"]
[Round "6"]
[TimeControl "180+1"]
[Date "2023.08.15"]
[WhiteClock "0:00:04"]
[BlackClock "0:00:01"]
[Board "27"]

1. b3 Nf6 2. Bb2 g6 3. e4 d6 4. g3 Bg7 5. Bg2 O-O 6. Ne2 e5 7. O-O Nc6 8. d4 exd4 9. Nxd4 Bd7 10. c4 Re8 11. Re1 Nxd4 12. Bxd4 Bc6 13. Nc3 Nd7 14. Bxg7 Kxg7 15. Qd2 Qf6 16. Rad1 Nc5 17. b4 Na4 18. Nxa4 Bxa4 19. Rc1 Bc6 20. Re3 Re7 21. b5 Bd7 22. a4 Rae8 23. c5 dxc5 24. Rxc5 c6 25. e5 Qe6 26. h4 b6 27. Rxc6 Bxc6 28. bxc6 Qc4 29. h5 Rxe5 30. h6+ Kf8 31. Qd6+ R5e7 32. Rxe7 Rxe7 33. Kh2 Qc5 34. Qd8+ Re8 35. c7 Qe7 36. Qb8 Qe5 37. Qxa7 Rc8 38. Qxb6 Qxc7 39. Qf6 Qc3 40. Qd6+ Kg8 41. Qd7 Qc7 42. Qd4 Kf8 43. a5 Rd8 44. Qg7+ Ke7 45. a6 Qb6 46. Qe5+ Kf8 47. Bb7 Qxf2+ 48. Kh3 Qb6 49. Qa1 Qa7 50. Qh8+ Ke7 51. Qe5+ Kf8 52. Qf6 Rd4 53. Qh8+ Ke7 54. Qe5+ Kf8 55. Qg7+ Ke7 56. Qxh7 Qc5 57. Bf3 Qc8+ 58. g4 Rd3 59. Qg7 Rxf3+ 60. Kh4 Re3 61. Qd4 Re6 62. a7 Qa8 63. Qb4+ Kf6 64. g5+ Ke5 65. Qc5+ Kf4 66. Qf2+ Ke4 67. Qg2+ Kf5 68. Qxa8 Re1 69. Qf3+ Ke6 70. a8=Q 1-0


[Site "https://www.chess.com"]

[Event "Titled Tuesday Blitz August 15 Late 2023"]
[White "Pakleza, Zbigniew"]
[Black "Khater, Sherif"]
[WhiteFideId "1119290"]
[BlackFideId "2034280"]
[WhiteElo "2819"]
[BlackElo "2570"]
[Result "1-0"]
[Round "6"]
[TimeControl "180+1"]
[Date "2023.08.15"]
[WhiteClock "0:00:02"]
[BlackClock "0:00:00"]
[Board "28"]

1. d4 a6 2. Nf3 d5 3. Bf4 Nf6 4. e3 g6 5. c4 Bg7 6. Nc3 c6 7. cxd5 cxd5 8. Bd3 O-O 9. h3 Nbd7 10. O-O b5 11. a4 b4 12. Nb1 a5 13. Qe2 Bb7 14. Nbd2 Rc8 15. Rfc1 Qb6 16. Nb3 Rxc1+ 17. Rxc1 Rc8 18. Rxc8+ Bxc8 19. Qc2 Ba6 20. Bxa6 Qxa6 21. Bc7 Qc4 22. Ne1 e5 23. Nxa5 Qa2 24. dxe5 Ne4 25. Nd3 b3 26. Nxb3 Qxa4 27. f3 Ng5 28. Nd4 Qa1+ 29. Kh2 Qf1 30. b4 h5 31. h4 Ne6 32. Nxe6 fxe6 33. b5 Qa1 34. f4 Qa7 35. Qc6 Qxe3 36. Qxd7 Qxd3 37. Qxe6+ Kh7 38. b6 Qe3 39. Qh3 Qxf4+ 40. Qg3 Qb4 41. e6 Qe4 42. b7 g5 43. b8=Q gxh4 44. Qf3 1-0


[Site "https://www.chess.com"]

[Event "Titled Tuesday Blitz August 15 Late 2023"]
[White "Budrewicz, Krzysztof"]
[Black "Mekhitarian, Krikor Sevag"]
[WhiteFideId "1127950"]
[BlackFideId "2107660"]
[WhiteElo "2567"]
[BlackElo "2805"]
[Result "0-1"]
[Round "6"]
[TimeControl "180+1"]
[Date "2023.08.15"]
[WhiteClock "0:01:48"]
[BlackClock "0:01:27"]
[Board "29"]

1. d4 Nf6 2. c4 g6 3. Nc3 d5 4. Nf3 Bg7 5. h4 dxc4 6. Bg5 c5 7. d5 b5 8. Nxb5 Qa5+ 9. Nc3 Ne4 10. Qa4+ Qxa4 11. Nxa4 Bd7 12. O-O-O Bxa4 13. Be3 Nd7 14. Re1 Rb8 0-1


[Site "https://www.chess.com"]

[Event "Titled Tuesday Blitz August 15 Late 2023"]
[White "Kashefi, Amir Hosein"]
[Black "Hambleton, Aman"]
[WhiteFideId "12557935"]
[BlackFideId "2606577"]
[WhiteElo "2551"]
[BlackElo "2783"]
[Result "0-1"]
[Round "6"]
[TimeControl "180+1"]
[Date "2023.08.15"]
[WhiteClock "0:00:01"]
[BlackClock "0:02:08"]
[Board "30"]

1. e4 b6 2. d4 Bb7 3. Nc3 e6 4. Nf3 Bb4 5. Bd3 Nf6 6. Qe2 d5 7. e5 Ne4 8. Bd2 Bxc3 9. bxc3 Nc6 10. O-O h6 11. Bxe4 dxe4 12. Qxe4 Na5 13. Qg4 Qd5 14. Qxg7 O-O-O 15. Qxf7 Rdf8 16. Qh5 Rxf3 17. Qg6 Rff8 18. f3 Rhg8 19. Qxh6 Rxf3 20. Rxf3 Rxg2+ 21. Kh1 Rg8 22. Rf1 Qxf3+ 23. Rxf3 Bxf3# 0-1


[Site "https://www.chess.com"]

[Event "Titled Tuesday Blitz August 15 Late 2023"]
[White "Tristan, Leonardo"]
[Black "D`Arruda, Ricardo D."]
[WhiteFideId "113816"]
[BlackFideId "100692"]
[WhiteElo "2778"]
[BlackElo "2548"]
[Result "1-0"]
[Round "6"]
[TimeControl "180+1"]
[Date "2023.08.15"]
[WhiteClock "0:00:07"]
[BlackClock "0:00:17"]
[Board "31"]

1. d4 Nf6 2. Nf3 g6 3. Bf4 d6 4. e3 Bg7 5. Be2 O-O 6. O-O c5 7. c3 b6 8. h3 Bb7 9. Bh2 Nc6 10. Nbd2 Qc7 11. e4 cxd4 12. cxd4 Nb4 13. Qb3 Nc6 14. Rac1 Qd7 15. d5 Nb8 16. Bb5 Qd8 17. Rfe1 Nfd7 18. Qe3 a6 19. Bc6 Nc5 20. b4 Bxc6 21. dxc6 Ne6 22. e5 d5 23. a4 Qc7 24. b5 axb5 25. axb5 Ra5 26. Rb1 Rd8 27. Nd4 Nxd4 28. Qxd4 e6 29. Nf3 Rc8 30. Bf4 Bf8 31. Bg5 Qa7 32. Qh4 Ra4 33. g4 h5 34. Bf6 Bh6 35. Ng5 Qa5 36. Be7 Qd2 37. Nxf7 Kxf7 38. Qf6+ Ke8 39. Qxe6 Rc7 40. Bd6+ Kd8 41. Qg8+ 1-0


[Site "https://www.chess.com"]